 Dungeon Crawl Stone Soup version 0.28.0-1-gb440e238dd (webtiles) character file.

Game seed: 13445568262684339597

20 rmills963 the Grave Robber (level 2, 0/15 HPs)
             Began as a Deep Elf Necromancer on Feb 21, 2022.
             Slain by a bat (1 damage)
             ... on level 1 of the Dungeon.
             The game lasted 00:15:58 (1011 turns).

rmills963 the Grave Robber (Deep Elf Necromancer)   Turns: 1011, Time: 00:15:59

Health: 0/15       AC:  5    Str:  5    XL:     2   Next: 58%
Magic:  3/8        EV:  9    Int: 19    God:
Gold:   17         SH:  0    Dex: 15    Spells: 7/8 levels left

rFire   . . .      SeeInvis .   h - +0 spear
rCold   . . .      Faith    .   (no shield)
rNeg    . . .      Spirit   .   f - +0 ring mail
rPois   .          Reflect  .   (no helmet)
rElec   .          Harm     .   (no cloak)
rCorr   .          Rampage  .   (no gloves)
Will    .....                   (no boots)
Stlth   +.........              (no amulet)
HPRegen 0.05/turn               (no ring)
MPRegen 0.11/turn               (no ring)

@: no status effects
A: no striking features
a: no special abilities


You were on level 1 of the Dungeon.
You visited 1 branch of the dungeon, and saw 1 of its levels.

You collected 17 gold pieces.

Inventory:

Hand Weapons
 h - a +0 spear (weapon)
Armour
 f - a +0 ring mail (worn)
Scrolls
 e - a scroll of identify {unknown}


   Skills:
 + Level 2.4 Dodging
 + Level 2.4 Stealth
 + Level 3.7 Spellcasting
 + Level 5.4 Necromancy


You had 7 spell levels left.
You knew the following spells:

 Your Spells              Type           Power      Damage    Failure   Level
a - Pain                  Necr           96%        1d8       8%          1

Your spell library contained the following spells:

 Spells                   Type           Power      Damage    Failure   Level
 Animate Skeleton         Necr           48%        N/A       8%          1
 Vampiric Draining        Necr           24%        2d7       22%         3
 Animate Dead             Necr           12%        N/A       58%         4
 Agony                    Necr           24%        N/A       90%         5


Dungeon Overview and Level Annotations

Branches:
Dungeon (1/15)

Altars:


Message History

The quokka bites you but does no damage.
The jackal misses you.
The jackal bites you but does no damage.
The jackal barely misses you.
Casting: Pain (safe; 8% risk of failure)
Confirm with . or Enter, or press ? or * to list all spells.
Aiming: Pain (safe; 8% risk of failure)
Press: ? - help, Shift-Dir - straight line, f - quokka, p - bat
Aim: a quokka (chance to affect: 92%)
The quokka writhes in agony.
The bat hits you. The jackal bites you.
The quokka bites you but does no damage.
The jackal bites you.
The jackal bites you but does no damage.
A bat comes into view.
The jackal bites you but does no damage.
The quokka bites you but does no damage.
The jackal bites you.
Casting: Pain (safe; 8% risk of failure)
Confirm with . or Enter, or press ? or * to list all spells.
Aiming: Pain (safe; 8% risk of failure)
Press: ? - help, Shift-Dir - straight line, f/p - quokka
Aim: a quokka (severely wounded, chance to affect: 92%)
The quokka writhes in agony.
You kill the quokka!
The bat closely misses you. The jackal closely misses you.
The jackal barely misses you. The bat barely misses you.
The jackal barely misses you.
The jackal bites you but does no damage.
The bat barely misses you. x2
The jackal bites you but does no damage.
The bat hits you.
* * * LOW HITPOINT WARNING * * *
The bat closely misses you. The jackal barely misses you.
The bat hits you but does no damage. The bat hits you.
* * * LOW HITPOINT WARNING * * *
The jackal bites you.
* * * LOW HITPOINT WARNING * * *
The bat hits you but does no damage. The bat barely misses you.
The bat hits you.
You die...

#.# #..#.......#...........
##.###............###.......
###..............#.##########.
...................# #........
####...............# #....####
#.(................# #........
#.##...............# #...####.
#. #..........h....# #...# #.
#. #.........@bg...# #...# #.
.. #.........b.hh..# #...# #.
.. #.#.....#......†.##...# ##
... #.############....##### #
... #.. #.#.... # .#.#.#.# # .
....... # #> .#.#.#. # #


You could see 3 jackals, a goblin and 2 bats.

Vanquished Creatures
  3 ball pythons (D:1)
  A bat (D:1)
  An endoplasm (D:1)
  3 goblins (D:1)
  A hobgoblin (D:1)
  A jackal (D:1)
  A kobold (D:1)
  2 quokkas (D:1)
  A frilled lizard (D:1)
  2 rats (D:1)
16 creatures vanquished.

Notes
Turn   | Place    | Note
-------+----------+-------------------------------------------
     0 | D:1      | rmills963 the Deep Elf Necromancer began the quest for the
                  | Orb.
     0 | D:1      | Reached XP level 1. HP: 10/10 MP: 6/6
    20 | D:1      | Reached skill level 5 in Necromancy
    57 | D:1      | Found a faded altar of an unknown god.
   513 | D:1      | Reached XP level 2. HP: 12/15 MP: 5/8
  1011 | D:1      | Slain by a bat

Illustrated notes

Levels and vault maps discovered:
D:1:      evilmike_arrival_crescent, layout_rooms,
          shapermc_ecumenical_altar_venn, st_stairs_9,
          chequers_serial_rivers_marsh

Skill      XL: |  1 |
---------------+----+-----
Necromancy     | 5 |  5.4
Dodging        | |  2.4
Stealth        | |  2.4
Spellcasting   | |  3.7

Action                   || total
-------------------------++-------
Melee: Dagger            ||     1
       Short sword       ||    10
 Cast: Pain              ||    28
Armor: Robe              ||     4
       Ring mail         ||    17
Dodge: Dodged            ||    35
